 Dungeon Crawl Stone Soup version 0.29.1-12-g30fa7ad0bf (webtiles) character file.

Game seed: 11931245801335921278

3531 safid the Skirmisher (level 9, -4/115 (123) HPs)
             Began as a Minotaur Hunter on Dec 12, 2022.
             Was a Follower of Okawaru.
             Slain by a wight
             ... wielding a +3 scimitar
              (12 damage)
             ... on level 7 of the Dungeon.
             The game lasted 00:15:45 (6146 turns).

safid the Skirmisher (Minotaur Hunter)              Turns: 6146, Time: 00:15:45

HP:   -4/115 (123)  AC: 24    Str: 22    XL:     9   Next: 82%
MP:   9/9           EV:  2    Int:  6    God:    Okawaru [*.....]
Gold: 312           SH:  0    Dex: 18    Spells: 8/8 levels left

rFire   . . .      SeeInvis .   a - +0 shortbow
rCold   + . .      Faith    .   (shield currently unavailable)
rNeg    . . .      Spirit   .   (body armour currently unavailable)
rPois   +          Reflect  .   (helmet currently unavailable)
rElec   .          Harm     .   (cloak currently unavailable)
rCorr   .          Rampage  .   (gloves currently unavailable)
Will    .....      NoTele   +   (boots currently unavailable)
Stlth   ++........              (no amulet)
HPRegen 0.29/turn               x - +6 ring of strength
MPRegen 0.11/turn               B - ring of protection from cold

@: mighty, tree-form, drained
A: stationary, stasis, torment immunity, boosted hp, (horns 2), (retaliatory
headbutt)
a: Renounce Religion, Heroism


You were on level 7 of the Dungeon.
You worshipped Okawaru.
Okawaru was aware of your devotion.
You were a tree.
You visited 2 branches of the dungeon, and saw 9 of its levels.

You collected 312 gold pieces.

Inventory:

Hand Weapons
 a - a +0 shortbow (weapon)
 C - the +9 lance "Wyrmbane" {slay drac, rPois rF+ rC+ AC+3}
   (You took it off Maggie on level 7 of the Dungeon)

   It inflicts extra damage against dragons and draconians.
   AC:        It affects your AC (+3).
   rF:        It protects you from fire.
   rC:        It protects you from cold.
   rPois:     It protects you from poison.
Missiles
 n - 2 throwing nets
 w - 6 curare-tipped darts
Armour
 l - the +1 chain mail of Qazlal's Regard (melded) {rPois Regen+ Int-5 Dex+9}
   (You found it on level 2 of the Dungeon)

   Int:       It affects your intelligence (-5).
   Dex:       It affects your dexterity (+9).
   rPois:     It protects you from poison.
   Regen:     It increases your rate of health regeneration.
Jewellery
 x - a +6 ring of strength (left branch)
 B - a ring of protection from cold (right branch)
Wands
 i - a wand of quicksilver (12)
 p - a wand of charming (12)
 y - a wand of mindburst (8)
 E - a wand of polymorph (8)
Scrolls
 b - 3 scrolls of immolation
 c - 3 scrolls of fear
 d - 2 scrolls of magic mapping
 g - 2 scrolls of amnesia
 h - 4 scrolls of teleportation
 j - 6 scrolls of butterflies
 k - 2 scrolls of summoning
 s - 5 scrolls of vulnerability
 t - a scroll of poison
 z - a scroll of noise {unknown}
 D - a scroll of brand weapon {unknown}
Potions
 f - a potion of lignification
 m - a potion of degeneration {unknown}
 o - a potion of heal wounds {unknown}
 q - 2 potions of mutation {unknown}
 r - a potion of brilliance {unknown}
 u - a potion of invisibility {unknown}
 v - a potion of berserk rage {unknown}
 A - 2 potions of attraction {unknown}


   Skills:
 + Level 8.4 Fighting
 + Level 10.9 Ranged Weapons
 + Level 9.2 Armour
 + Level 3.3 Dodging
 - Level 0.7 Stealth
 + Level 2.0 Invocations


You had 8 spell levels left.
You didn't know any spells.
Your spell library contained the following spells:

 Spells                   Type           Power      Damage    Failure   Level
 Apportation              Tloc           0%         N/A       45%         1
 Necrotise                Necr           0%         1d4       45%         1
 Shock                    Conj/Air       0%         1d3       45%         1
 Sting                    Tmut/Pois      0%         1d3       45%         1
 Poisonous Vapours        Pois/Air       0%         N/A       58%         2
 Inner Flame              Hex/Fire       0%         N/A       83%         3
 Stone Arrow              Conj/Erth      0%         3d7       83%         3
 Swiftness                Air            0%         N/A       83%         3
 Airstrike                Air            0%         2d(0-16)  99%         4
 Cause Fear               Hex            0%         N/A       99%         4
 Olgreb's Toxic Radiance  Pois           0%         N/A       99%         4
 Discord                  Hex            0%         N/A       100%        8
 Lehudib's Crystal Spear  Conj/Erth      0%         10d2      100%        8
 Summon Small Mammal      Summ           Unusable   N/A       N/A         1
 Call Canine Familiar     Summ           Unusable   N/A       N/A         3
 Summon Guardian Golem    Hex/Summ       Unusable   N/A       N/A         3
 Animate Armour           Summ/Erth      Unusable   N/A       N/A         4
 Summon Forest            Summ/Tloc      Unusable   N/A       N/A         5
 Summon Mana Viper        Hex/Summ       Unusable   N/A       N/A         5
 Summon Cactus Giant      Summ           Unusable   N/A       N/A         6

Dungeon Overview and Level Annotations

Branches:
Dungeon (8/15)             Temple (1/1) D:4
   Lair: D:8-11

Altars:
Ashenzari
Cheibriados
Dithmenos
Elyvilon
Fedhas
Gozag
Hepliaklqana
Kikubaaqudgha
Nemelex Xobeh
Okawaru
Ru
Sif Muna
Trog
Uskayaw
Vehumet
Wu Jian
Xom
Yredelemnul
The Shining One

Annotations:
D:5 2 transporters
D:8 Joseph


Innate Abilities, Weirdness & Mutations

You are a tree.
Your roots penetrate the ground, keeping you stationary.
You cannot be teleported.
You are immune to unholy pain and torment.
Your maximum health is greatly increased.
Your equipment is partially melded.
((You have a pair of horns on your head.))
((You reflexively headbutt those who attack you in melee.))


Message History

The orc hits you but does no damage. The wight hits you with a +3 scimitar.
* * * LOW HITPOINT WARNING * * *
You feel drained.
Fire: a) +0 shortbow
Press: ? - help, Q - select action, (/) - cycle Shift-Dir - straight line, f - wight, p - orc
Aim: a wight, wielding a +3 scimitar and wearing a +0 robe (73% to hit)
You shoot an arrow. The arrow hits the wight.
The wight is lightly damaged.
The orc barely misses you. The wight hits you with a +3 scimitar!
* * * LOW HITPOINT WARNING * * *
You feel drained.
* * * LOW HITPOINT WARNING * * *
Unknown command.
Fire: a) +0 shortbow
Press: ? - help, Q - select action, (/) - cycle Shift-Dir - straight line, f/p - wight
Aim: a wight, wielding a +3 scimitar and wearing a +0 robe (lightly damaged, 73% to hit)
You shoot an arrow. The arrow hits the wight.
The wight is moderately damaged.
The orc closely misses you. You furiously retaliate!
You headbutt the orc!
You kill the orc!
Okawaru accepts your kill. The wight hits you but does no damage.
Fire: a) +0 shortbow
Press: ? - help, Q - select action, (/) - cycle Shift-Dir - straight line, f/p - wight
Aim: a wight, wielding a +3 scimitar and wearing a +0 robe (moderately damaged, 73% to hit)
You shoot an arrow. The arrow barely misses the wight.
The wight hits you with a +3 scimitar!
* * * LOW HITPOINT WARNING * * *
Fire: a) +0 shortbow
Press: ? - help, Q - select action, (/) - cycle Shift-Dir - straight line, f/p - wight
Aim: a wight, wielding a +3 scimitar and wearing a +0 robe (moderately damaged, 73% to hit)
You shoot an arrow.
The arrow hits the wight but does no damage.
The wight is moderately damaged.
The wight hits you with a +3 scimitar.
* * * LOW HITPOINT WARNING * * *
It was a potion of lignification.
You turn into a tree.
The +1 chain mail of Qazlal's Regard {rPois Regen+ Int-5 Dex+9} melds into your body.
Your roots penetrate the ground.
The wight hits you with a +3 scimitar!
You die...

## #.......### ##..## .#
#.......# #...# .#
##.....#######...# .#
#.>.....#...##...## .#
#.......#...###...### .#
#.......#...# #.....###
########.........### ##......##
....)..)...........# ###.....#
...##..###......♣)## ###...##
.#.##.####......z.# ##...#
.#....#...........# #...#
.##.....###.......# #...##
.#..##..###.......# ##...#
#........##.......# #...#
.......####.......############..#
.......# ##.#..####...#....#..##
..)....# #.##..##...........##


You could see a wight.

Vanquished Creatures
  Maggie (D:7)
  A wyvern (D:8)
  Menkaure (D:4)
  Edmund (D:5)
  A water moccasin (D:5)
  2 orc warriors
  2 sky beasts
  4 black bears
  A phantom (D:7)
  4 bullfrogs
  2 scorpions
  2 necrophages
  4 wights (D:7)
  6 killer bees (D:8)
  6 jellies
  3 orc priests
  A gnoll bouda (D:4)
  Natasha (thrice) (D:2)
  Jessica (D:2)
  2 iguanas
  8 orc wizards
  Robin (D:3)
  7 gnolls
  6 adders
  2 white imps
  3 ufetubi
  A worm (D:2)
  5 dart slugs
  37 orcs
  13 ball pythons
  8 bats
  9 endoplasms
  2 giant cockroaches
  11 goblins
  9 hobgoblins
  2 jackals (D:2)
  4 quokkas
  2 frilled lizards
  9 kobolds
  3 rats
190 creatures vanquished.

Notes
Turn   | Place    | Note
-------+----------+-------------------------------------------
     0 | D:1      | safid the Minotaur Hunter began the quest for the Orb.
     0 | D:1      | Reached XP level 1. HP: 18/18 MP: 0/0
    90 | D:1      | Reached XP level 2. HP: 26/26 MP: 1/1
   463 | D:1      | Reached skill level 5 in Ranged Weapons
   463 | D:1      | Reached XP level 3. HP: 31/31 MP: 2/2
   979 | D:2      | Identified the +6 flail of Ruilyn {freeze, rElec rN+}
  1005 | D:2      | Identified the +1 chain mail of Qazlal's Regard {rPois
                  | Regen+ Int-5 Dex+9}
  1209 | D:2      | Noticed Jessica
  1210 | D:2      | Killed Jessica
  1211 | D:2      | Reached XP level 4. HP: 40/40 MP: 3/3
  1259 | D:2      | Noticed Natasha
  1267 | D:2      | Killed Natasha
  1650 | D:2      | Noticed Natasha
  1660 | D:2      | Killed Natasha
  1661 | D:2      | Reached XP level 5. HP: 41/47 MP: 4/4
  1682 | D:2      | Noticed Natasha
  1689 | D:2      | Killed Natasha
  1690 | D:2      | Reached skill level 5 in Fighting
  1690 | D:2      | Reached skill level 6 in Ranged Weapons
  1826 | D:3      | Noticed Robin
  1999 | D:3      | Killed Robin
  2152 | D:3      | Reached XP level 6. HP: 56/56 MP: 5/5
  2235 | D:3      | Found a faded altar of an unknown god.
  2672 | D:4      | Noticed Menkaure
  2680 | D:4      | HP: 2/57 [Menkaure (5)]
  2683 | D:4      | Killed Menkaure
  2684 | D:4      | Reached skill level 7 in Ranged Weapons
  2684 | D:4      | Reached skill level 1 in Armour
  2786 | D:4      | Reached XP level 7. HP: 64/64 MP: 6/6
  2805 | D:4      | Found a staircase to the Ecumenical Temple.
  2824 | Temple   | Entered the Ecumenical Temple
  3216 | D:4      | Found a shadowy altar of Dithmenos.
  3371 | D:4      | Found a broken altar of Ashenzari.
  3419 | D:4      | Found a basalt altar of Yredelemnul.
  3473 | D:4      | Found a hide-covered altar of Uskayaw.
  3477 | D:4      | Found a blossoming altar of Fedhas.
  3602 | D:5      | Entered Level 5 of the Dungeon
  3610 | D:5      | Found a transporter.
  3636 | D:5      | Found an ornate altar of the Wu Jian Council.
  3747 | D:5      | Noticed Edmund
  3765 | D:5      | Killed Edmund
  3850 | D:5      | Reached XP level 8. HP: 44/73 MP: 7/7
  3852 | D:5      | Reached skill level 8 in Ranged Weapons
  3955 | D:5      | Found a transporter.
  4408 | D:5      | Reached skill level 5 in Armour
  4611 | D:6      | Reached skill level 9 in Ranged Weapons
  4724 | D:6      | Found a sparkling altar of Nemelex Xobeh.
  5304 | D:7      | Noticed Maggie
  5326 | D:7      | Killed Maggie
  5327 | D:7      | Reached XP level 9. HP: 26/81 MP: 8/8
  5572 | D:7      | Reached skill level 10 in Ranged Weapons
  5809 | D:7      | Found an iron altar of Okawaru.
  5825 | D:7      | Became a worshipper of Warmaster Okawaru
  6012 | D:8      | Reached skill level 1 in Invocations
  6083 | D:8      | Noticed a two-headed ogre
  6117 | D:8      | Reached * piety under Okawaru
  6125 | D:8      | Noticed Joseph
  6146 | D:7      | Slain by a wight

Illustrated notes

Levels and vault maps discovered:
D:1:      moated_graveyard_arrival, layout_loops_ring
D:2:      layout_loops_corners, uniq_jessica, uniq_natasha
D:3:      layout_basic, shapermc_ecumenical_altar_rom_forum, grunt_ministairs_2,
          minmay_misc_feat_enclosed, uniq_robin
D:4:      layout_basic, lemuel_coloured_pillars_altar,
          cheibrodos_ashenzari_chains, minitemple, minmay_temple_entry_ruins,
          uniq_menkaure
D:5:      gammafunk_wand_slinger, layout_basic, mainiacjoe_overflow_brackets,
          st_stairs_13, uniq_edmund
D:6:      layout_loops_ring, nemelex_spade_bored_becter, serial_rivers,
          chequers_serial_rivers_large_a, chequers_serial_rivers_micro_a,
          chequers_serial_rivers_small_3, chequers_serial_rivers_marsh,
          hangedman_decor_diamond_cutter, minmay_misc_feat_doors,
          kennysheep_nondescript, nicolae_benzene_ring
D:7:      layout_rooms, okawaru_trees_2, serial_curves, eino_curves_01,
          eino_curves_04, uniq_maggie
D:8:      layout_rooms, uniq_joseph
Temple:   nicolae_temple_bog_church

Skill      XL: |  1  2  3  4  5  6  7  8  9 |
---------------+----------------------------+-----
Fighting       | 3 4 5 6 7 8 |  8.4
Ranged Weapons | 5 6 7 9 10 | 10.9
Armour         | 1 4 7 9 |  9.2
Invocations    | 2 |  2.0
Dodging        | 3 |  3.3
Stealth        | |  0.7

Action                   |  1- 3 |  4- 6 |  7- 9 || total
-------------------------+-------+-------+-------++-------
Melee: Shortbow          |       |     1 |       ||     1
       Lance             |       |       |     2 ||     2
 Fire: Shortbow          |    85 |   138 |   401 ||   624
  Use: Potion            |       |     1 |     5 ||     6
       Scroll            |       |       |     8 ||     8
Armor: Leather armour    |     8 |       |       ||     8
       Chain mail        |       |    53 |   201 ||   254
Dodge: Dodged            |    15 |    43 |   146 ||   204
